 Dungeon Crawl Stone Soup version 0.21-a0-88-g13b9641 (webtiles) character file.

921766 tidbits the Sensei (level 27, -14/269 HPs)
             Began as an Octopode Air Elementalist on June 25, 2017.
             Was a High Priest of Okawaru.
             Demolished by Nauwk the pandemonium lord (26 damage)
             ... while paralysed by Nauwk
             ... in Pandemonium on June 26, 2017.
             The game lasted 10:34:51 (68017 turns).

tidbits the Sensei (Octopode Air Elementalist)     Turns: 68017, Time: 10:34:53

Health: -14/269    AC: 32    Str: 14    XL:     27
Magic:  43/64      EV:  2    Int: 21    God:    Okawaru [*****.]
Gold:   3858       SH:  0    Dex: 29    Spells: 3/65 levels left

rFire    + . .     SeeInvis +     - Unarmed
rCold    + + .     Gourm    .   D - +3 buckler {rN+}
rNeg     + + .     Faith    .   E - +1 hat of Focus {MR+ MP+9 Str+3}
rPois    ∞         Spirit   .   s - amulet of Gisaog {Reflect rElec SH+6 SInv}
rElec    +         Reflect  +   L - ring of Xom's Ringing Laughter {rF+ rC+ MP+9 Str+2}
rCorr    +         Harm     .   x - +5 ring of evasion
MR       +++++                  B - ring of Daer {MR+ Dex+4 Stlth-}
Stlth    ++++++++..             V - +4 ring of evasion
HPRegen  0.54/turn              C - ring of Zuolist {rCorr Dex+5}
MPRegen  0.39/turn              c - ring "Noacoavo" {Wiz +Fly rPois rC+ SInv}
                                W - +5 ring of evasion
                                U - +4 ring of protection

@: paralysed, statue-form, heroism, very slightly contaminated, studying Shields
A: almost no armour, stealthy swim, amphibious, 8 rings, constrict 8, tentacle
spike 1, camouflage 1, magic resistance 1, poison resistance
}: 9/15 runes: decaying, slimy, iron, obsidian, icy, bone, abyssal, demonic,
gossamer
a: End Transformation, Heroism, Finesse, Renounce Religion, Evoke Flight


You were in Pandemonium.
You worshipped Okawaru.
Okawaru was extremely pleased with you.
You were not hungry.
You were a stone statue.
You visited 14 branches of the dungeon, and saw 76 of its levels.
You visited Pandemonium 4 times, and saw 10 of its levels.
You visited the Abyss 1 time.
You visited 1 bazaar.
You also visited: Ice Cave and Wizlab.

You collected 7690 gold pieces.
You spent 3832 gold pieces at shops.

Inventory:

Hand Weapons
 b - the +10 hand crossbow of Peace {elec, rPois Dex+2}
   (You found it on level 2 of the Depths)

   It charges the ammunition it shoots with electricity; occasionally upon a
   hit, such missiles may discharge and cause terrible harm.
   It affects your dexterity (+2).
   It protects you from poison.
 h - the +4 staff of Dispater
   (You took it off Dispater on level 7 of the Iron City of Dis)
Missiles
 P - 521 bolts
 Z - 623 arrows
Armour
 u - a +2 hat of magic resistance
 D - a +3 buckler of positive energy (worn)
 E - the +1 hat of Focus (worn) {MR+ MP+9 Str+3}
   (Okawaru gifted it to you on level 4 of the Abyss)

   It affects your strength (+3).
   It affects your resistance to hostile enchantments.
   It affects your magic capacity (+9).
Jewellery
 c - the ring "Noacoavo" (on tentacle) {Wiz +Fly rPois rC+ SInv}
   (You bought it in a shop on level 1 of the Depths)

   [ring of wizardry]

   It improves your spell success rate.
   It protects you from cold.
   It protects you from poison.
   It lets you see invisible.
   It lets you fly.
 s - the amulet of Gisaog (around mantle) {Reflect rElec SH+6 SInv}
   (You took it off a deep elf demonologist on level 3 of the Elven Halls)

   [amulet of reflection]

   It shields you and reflects attacks.
   It insulates you from electricity.
   It lets you see invisible.
   It affects your SH (+6).
 x - a +5 ring of evasion (right tentacle)
 B - the ring of Daer (on tentacle) {MR+ Dex+4 Stlth-}
   (You found it on level 7 of Cocytus)

   [ring of loudness]

   It affects your dexterity (+4).
   It affects your resistance to hostile enchantments.
   It makes you less stealthy.
 C - the ring of Zuolist (on tentacle) {rCorr Dex+5}
   (You found it on level 2 of the Spider Nest)

   [ring of resist corrosion]

   It affects your dexterity (+5).
 H - an uncursed ring of protection from magic
 L - the ring of Xom's Ringing Laughter (left tentacle) {rF+ rC+ MP+9 Str+2}
   (You found it on level 2 of the Spider Nest)

   [ring of magical power]

   It affects your strength (+2).
   It protects you from fire.
   It protects you from cold.
   It affects your magic capacity (+9).
 U - a +4 ring of protection (on tentacle)
 V - a +4 ring of evasion (on tentacle)
 W - a +5 ring of evasion (on tentacle)
Wands
 d - a wand of digging (15/24)
 p - a wand of paralysis (20/24)
 N - a wand of acid (7/15)
Scrolls
 a - 4 scrolls of blinking
 i - 12 scrolls of identify
 k - 15 scrolls of fear
 r - 30 scrolls of remove curse
 t - 14 scrolls of teleportation
 y - 12 scrolls of recharging
 F - 2 scrolls of holy word
 G - 6 scrolls of silence
 I - 2 scrolls of fog
 M - 3 scrolls of summoning
Potions
 e - 3 potions of invisibility
 g - 10 potions of brilliance
 l - 5 potions of berserk rage
 n - 9 potions of agility
 o - 10 potions of heal wounds
 q - 3 potions of haste
 v - 5 potions of magic
 w - 2 potions of flight
 O - a potion of might
 Q - 15 potions of curing
 S - 3 potions of cancellation
 X - 6 potions of mutation {!q}
 Y - 2 potions of resistance
Books
 m - a manual of Shields
Comestibles
 f - 2 royal jellies
 j - 13 bread rations
 A - a meat ration


   Skills:
 - Level 22.0(27) Fighting
 - Level 20.0(25.0) Dodging
 - Level 15.1(20.1) Stealth
 - Level 4.7(9.7) Shields
 - Level 22.3(27) Unarmed Combat
 - Level 19.8 Spellcasting
 - Level 6.9 Conjurations
 - Level 10.5 Hexes
 - Level 5.8 Charms
 - Level 9.2 Summonings
 - Level 5.7 Necromancy
 + Level 21.3 Translocations
 - Level 13.4 Transmutations
   Level 3.4 Ice Magic
 - Level 4.8 Air Magic
 - Level 10.5 Earth Magic
 - Level 10.0 Invocations
 - Level 10.9 Evocations


You had 3 spell levels left.
You knew the following spells:

 Your Spells              Type           Power        Failure   Level  Hunger
a - Apportation           Tloc           ######       0%          1    None
b - Blink                 Tloc           N/A          0%          2    None
d - Dragon Form           Tmut           ######....   3%          7    #####..
k - Sticks to Snakes      Tmut           ######..     0%          2    None
l - Lesser Beckoning      Tloc           #######...   0%          3    None
n - Animate Skeleton      Necr           N/A          1%          1    None
r - Regeneration          Chrm/Necr      #####.....   1%          3    None
s - Statue Form           Tmut/Erth      ######...    1%          6    ####...
t - Confusing Touch       Hex            ######       1%          1    None
w - Passwall              Tmut/Erth      ######....   1%          2    None
A - Aura of Abjuration    Summ           ######....   1%          5    None
B - Controlled Blink      Tloc           N/A          1%          8    #######
D - Darkness              Hex            ######....   1%          6    ####...
L - Summon Lightning Spi  Summ/Air       ######..     1%          4    None
P - Passage of Golubria   Tloc           N/A          0%          4    None
R - Irradiate             Conj/Tmut      ######....   1%          5    None
W - Swiftness             Chrm/Air       #####...     1%          2    None


Dungeon Overview and Level Annotations

Branches:
Dungeon (15/15)            Temple (0/1) D:7            Lair (6/6) D:10
  Swamp (4/4) Lair:3       Spider (4/4) Lair:2        Slime (5/5) Lair:6
    Orc (2/2) D:11            Elf (3/3) Orc:2        Vaults (4/5) D:13
  Crypt (0/3) Vaults:3     Depths (5/5) D:15           Hell (1/1)
    Dis (7/7) Hell            Geh (7/7) Hell            Coc (7/7) Hell
    Tar (7/7) Hell            Zot (0/5) Depths:5

Altars:
Ashenzari
Cheibriados
Dithmenos
Elyvilon
Fedhas
Gozag
Hepliaklqana
Kikubaaqudgha
Nemelex Xobeh
Okawaru
Qazlal
Vehumet
Xom
Zin
The Shining One
Jiyva

Shops:
D:9 *   D:10 [   D:11 [   D:13 }   D:14 *   D:15 }   Orc:1 :   Orc:2 }}(:
Elf:1 *   Depths:1 =}=

Portals:
Hell: Depths:1 Depths:2 Depths:3 Depths:4 Depths:5
Abyss: Depths:4
Pandemonium: Depths:2 Depths:3
Ziggurat: Depths:3
Bazaar: Vaults:2
Trove: Elf:1 (give horn of Geryon)

Annotations:
D:13 marked once
Lair:1 exclusion: hydra
Depths:1 exclusion: hell hound


Innate Abilities, Weirdness & Mutations

You cannot wear most types of armour.
You are very stealthy in the water. (Stealth+)
You are amphibious.
You can wear up to eight rings at the same time.
You can use your tentacles to constrict eight enemies at once.
Your skin changes colour to match your surroundings (Stealth+).
((Your rubbery body absorbs attacks. (AC +1, EV +1)))
One of your tentacles bears a spike.
You are resistant to hostile enchantments. (MR+)
Your system is resistant to poisons. (rPois)


Message History

The Brimstone Fiend hits you but does no damage.
The Brimstone Fiend hits you.
* * * LOW HITPOINT WARNING * * *
The Brimstone Fiend hits you.
* * * LOW HITPOINT WARNING * * *
The chaos spawn hits you!
* * * LOW HITPOINT WARNING * * *
The chaos spawn shocks you. You resist.
* * * LOW HITPOINT WARNING * * *
The sun demon hits you.
* * * LOW HITPOINT WARNING * * *
You are engulfed in flames!
You resist.
* * * LOW HITPOINT WARNING * * *
The chaos spawn hits you.
* * * LOW HITPOINT WARNING * * *
You feel your power leaking away.
The sun demon hits you but does no damage.
The torturous demonspawn hits you but does no damage.
Nauwk hits you!!
You die...

#.. #.. .. .. ###### ..
......##....## 4.
....##..53..## ..
#...#..4&35..# ..
#...#..48325.# ..
#...#..3315..# ..
#...#...4.6./# ..
#...##......##..... ..
#....##....##...... ..
#.....######......# ##
#.................#
########.................#
.......................1.#


You could see Nauwk, a Brimstone Fiend, a hell beast, 4 sun demons, a torturous
demonspawn, a ynoxinul, 3 chaos spawn and 4 ufetubi.

Vanquished Creatures
  Antaeus (Coc:7)
  Asmodeus (Geh:7)
  the Royal Jelly (Slime:5)
  Dissolution (Slime:3)
  A seraph (Pan)
  Ereshkigal (Tar:7)
  the Serpent of Hell (Coc:7)
  Dispater (Dis:7)
  An ancient lich (Depths:4)
  Mara (Swamp:3)
  2 pandemonium lords (Pan)
  Boris (Depths:3)
  Sojobo (Depths:4)
  Bai Suzhen (Depths:1)
  10 shard shrikes
  Frederick (Depths:3)
  Xtahua (Depths:3)
  Geryon (Hell)
  the Lernaean hydra (Swamp:4)
  A caustic shrike (Depths:2)
  3 golden dragons
  11 bone dragons
  the Enchantress (Depths:5)
  Arachne (Spider:2)
  4 doom hounds
  16 Tzitzimimeh
  6 Hell Sentinels
  4 liches
  17 Brimstone Fiends
  A hellephant (Hell)
  An iron giant (Dis:7)
  16 Ice Fiends
  Rupert (Lair:4)
  3 tentacled monstrosities
  The ghost of stickyfingers the Executioner, an adept HOBe of Trog (Depths:2)
  Asterion (Spider:4)
  A titan (Depths:2)
  2 deep elf master archers (Elf:3)
  3 deep elf blademasters
  5 quicksilver dragons
  17 acid blobs
  8 sphinxes
  6 ancient champions (Dis:7)
  Gastronok (Lair:2)
  11 tentacled starspawn
  An eldritch tentacle (WizLab)
  Agnes (Spider:2)
  2 thorn hunters
  8 Executioners
  Kirke (Swamp:4)
  An azure jelly (shapeshifter) (Depths:1)
  5 shadow dragons
  2 storm dragons
  6 tengu reavers
  9 azure jellies
  12 daevas (Pan)
  A revenant (Abyss:4)
  Roxanne (D:14)
  Louise (Spider:1)
  10 frost giants
  8 fire giants
  4 deep elf sorcerers (Elf:3)
  6 iron dragons
  5 blood saints (Pan)
  13 vault wardens
  7 emperor scorpions
  2 caustic shrike zombies (Depths:3)
  2 ghouls
  3 cacodemons
  13 angels
  5 ghost moths
  11 balrugs
  A draconian stormcaller (Abyss:2)
  The ghost of stickyfingers the Severer, a journeyman HOBe of Trog (Depths:1)
  The ghost of Kenran the Black Belt, a journeyman DsCK of Ru (Orc:2)
  29 very ugly things
  2 draconian annihilators (Depths:5)
  6 deep elf elementalists (Elf:3)
  18 stone giants
  2 elemental wellsprings (Coc:7)
  The ghost of XxPooperXx the Grappler, a journeyman TrMo of Wu Jian (Swamp:1)
  44 reapers
  6 ophanim (Pan)
  10 ironheart preservers
  3 spriggan defenders (Depths:5)
  A caustic shrike skeleton (Depths:3)
  11 war gargoyles
  6 apis (Pan)
  6 entropy weavers
  A corrupter (Pan)
  4 vampire knights
  A black draconian (Depths:5)
  4 deep elf demonologists
  2 lorocyprocas
  28 slime creatures
  3 black suns (Pan)
  2 purple draconians (Depths:5)
  2 white draconians (Depths:5)
  12 deep elf annihilators
  Azrael (D:14)
  A yellow draconian (WizLab)
  5 ettins
  16 spark wasps
  3 green deaths
  Snorg (Lair:3)
  2 merfolk javelineers (Depths:1)
  A red draconian (Depths:5)
  A spectral kraken (Tar:7)
  5 deep elf death magi
  10 death oozes (Slime:5)
  3 quicksilver dragon zombies
  A crystal guardian (Vaults:4)
  20 blizzard demons
  Josephine (Orc:1)
  8 great orbs of eyes
  13 yaktaur captains
  8 fire dragons
  8 monstrous demonspawn (Pan)
  7 deep elf high priests
  4 jiangshi (Depths:3)
  6 vault guards
  2 hell beasts
  3 quicksilver dragon skeletons
  Fannar (Lair:3)
  8 rakshasas
  18 hydras
  6 spriggan air magi
  Erica (D:10)
  3 death knights
  24 ice dragons
  3 centaur warriors
  8 deep troll shamans
  29 two-headed ogres
  11 ogre magi
  27 dancing weapons
  7 deep troll earth magi
  6 alligators
  18 hell hogs
  18 tengu warriors
  14 spriggan berserkers
  4 orc high priests (Orc:2)
  16 thrashing horrors
  A death yak (Lair:3)
  3 storm dragon zombies
  3 vampire magi
  4 titan zombies
  31 deep elf knights
  26 soul eaters
  24 sun demons
  30 hell knights
  Nergalle (Lair:3)
  Sonja (Lair:1)
  5 wretched stars
  2 iron golems (Hell)
  6 iron trolls
  2 shadow wraiths
  2 golden dragon zombies
  2 spatial maelstroms
  67 skeletal warriors
  6 sixfirhies
  4 storm dragon skeletons
  2 quicksilver dragon simulacra (Depths:4)
  3 unseen horrors
  A ghost moth zombie (Dis:2)
  A tengu zombie (Depths:3)
  6 flayed ghosts
  18 deep trolls
  3 glowing orange brains
  3 shambling mangroves
  2 torturous demonspawn (Pan)
  11 swamp dragons
  13 cherubim (Pan)
  An infernal demonspawn (Pan)
  24 shadow demons
  An obsidian statue (WizLab)
  9 anaconda zombies
  6 golden dragon skeletons
  5 wizards
  15 necromancers
  2 orange crystal statues
  4 gelid demonspawn (Pan)
  14 ironbrand convokers
  A lindwurm (Lair:6)
  2 shadow dragon zombies (Dis:5)
  An anaconda skeleton (Coc:1)
  A harpy (Vaults:4)
  12 orc knights
  7 wolf spider zombies
  8 phantasmal warriors
  20 deep elf archers
  A mana viper (WizLab)
  67 deep elf magi
  31 ugly things
  3 orb spiders
  36 wolf spiders
  A frost giant zombie (Geh:7)
  4 orc sorcerers
  An orb spider (shapeshifter) (Vaults:1)
  9 fire giant zombies
  6 worldbinders
  3 oklob plants (Lair:2)
  A shadow dragon skeleton (Vaults:4)
  5 cyclopes
  2 salamanders (Depths:1)
  3 shining eyes
  6 iron dragon zombies
  A black mamba (shapeshifter) (Abyss:4)
  32 rust devils
  6 elephants (Lair:6)
  9 stone giant zombies
  An elf zombie (Depths:3)
  5 black mambas
  2 shock serpent zombies
  11 vault sentinels
  3 fire giant skeletons
  13 molten gargoyles
  4 titan simulacra (Coc:7)
  An apocalypse crab (Abyss:4)
  6 ice statues
  3 frost giant skeletons
  3 stone giant skeletons
  A water nymph (Abyss:5)
  Psyche (D:12)
  3 naga magi (D:15)
  6 storm dragon simulacra (Coc:7)
  2 torpor snails
  3 orange demons (Pan)
  15 spiny frogs
  2 gargoyles
  14 smoke demons
  An emperor scorpion zombie (Tar:2)
  5 rime drakes
  23 hellions
  37 ice devils
  5 spectral swamp worms (Tar:7)
  2 dire elephant skeletons
  18 tormentors
  12 demonic crawlers
  A kobold demonologist (D:15)
  9 komodo dragons
  40 yaktaurs
  2 efreet
  14 freezing wraiths
  5 anaconda simulacra
  A catoblepas zombie (Dis:5)
  22 red devils
  61 starcursed masses
  3 hellwings
  32 jumping spiders
  3 tengu conjurers
  7 ancient zymes
  A golden dragon simulacrum (Depths:3)
  6 tyrant leeches
  A wind drake (shapeshifter) (Vaults:1)
  2 silent spectres
  6 hydra zombies
  4 trolls
  The ghost of wazuzu the Shooter, an amateur CeHu (D:3)
  A catoblepas skeleton (Geh:4)
  A jumping spider (shapeshifter) (Vaults:4)
  3 harpy zombies
  7 dream sheep
  3 wolf spider simulacra (D:15)
  17 hornets
  Prince Ribbit (D:7)
  20 blink frogs
  A dream sheep (shapeshifter) (Vaults:3)
  A wind drake (WizLab)
  7 alligator zombies
  7 bog bodies
  4 ettin zombies
  7 raiju
  2 meliai zombies
  7 hippogriffs
  2 fire dragon zombies (Tar:3)
  An iron dragon simulacrum (Depths:3)
  3 ice dragon zombies
  2 fire dragon skeletons
  3 ettin skeletons
  38 flying skulls
  8 air elementals
  An alligator skeleton (Hell)
  An ice dragon skeleton (Geh:7)
  A human (shapeshifter) (Elf:2)
  21 shadows
  An elf simulacrum (Depths:3)
  12 water elementals
  8 ynoxinuls
  62 redbacks
  11 spriggans
  24 tarantellas
  A vampire (D:12)
  17 wraiths
  2 black mamba skeletons
  A steam dragon (Lair:6)
  A fire bat (Depths:2)
  9 wyverns
  28 yaks
  4 neqoxecs
  27 fire elementals
  A golden eye (Abyss:4)
  4 basilisks
  2 hogs (shapeshifter)
  4 hungry ghosts
  19 vampire mosquitoes
  10 chaos spawn
  3 elf skeletons
  3 wargs
  14 swamp worms
  3 insubstantial wisps (WizLab)
  32 large abominations
  7 hydra simulacra (Coc:7)
  2 acid dragons
  A water moccasin (shapeshifter) (Depths:5)
  50 hell hounds
  A soldier ant (D:11)
  3 spiny frog zombies (Hell)
  9 water moccasins
  3 spatial vortices
  6 porcupines
  3 black bears
  2 spiny frog skeletons
  A merfolk skeleton (Coc:7)
  An ice beast (shapeshifter) (Depths:2)
  3 snapping turtle zombies
  10 swamp drakes
  39 orc warriors
  4 ice beasts
  A swamp dragon zombie (Coc:6)
  7 sky beasts
  2 human zombies
  7 eyes of draining
  7 necrophages
  2 ettin simulacra (Depths:4)
  2 phantoms
  12 boggarts
  12 centaurs
  A human skeleton (Vaults:1)
  3 snapping turtle skeletons
  A swamp dragon skeleton (Coc:7)
  6 wolves (Lair:5)
  37 ogres
  6 crocodiles
  2 orc skeletons
  8 bullfrogs
  2 big kobolds
  14 small abominations
  3 earth elementals
  2 wyvern skeletons
  6 scorpions
  A hornet simulacrum (D:15)
  2 human simulacra (Vaults:4)
  15 killer bees
  31 wights
  2 howler monkeys
  8 electric eels
  A vampire bat (D:8)
  16 crimson imps
  5 lava snakes (Lair:6)
  5 quasits
  12 iron imps
  37 orc priests
  7 centaur zombies
  2 gnoll shamans (D:6)
  Crazy Yiuf (D:7)
  A bullfrog skeleton (D:7)
  4 centaur skeletons
  5 hounds
  19 orc wizards
  Jessica (D:2)
  An iguana (D:7)
  9 worker ants
  7 hell rats
  4 troll simulacra (IceCv)
  A spriggan simulacrum (IceCv)
  3 centaur simulacra (IceCv)
  An ogre zombie (Dis:5)
  2 hound zombies (D:7)
  An ogre skeleton (Geh:1)
  4 mummies
  2 worker ant zombies
  43 gnolls
  A howler monkey skeleton (D:5)
  7 adders
  2 naga simulacra (IceCv)
  7 shadow imps
  10 white imps
  3 ufetubi
  An ooze (D:3)
  4 adder skeletons
  3 adder zombies
  7 worms
  6 dart slugs
  4 leopard geckos
  109 orcs
  3 bat skeletons (D:8)
  3 bat zombies (D:8)
  7 giant cockroaches
  8 goblins
  8 hobgoblins
  17 jackals
  11 kobolds
  3 quokkas
  8 bats
  3 frilled lizards
  A kobold skeleton (Coc:4)
  An orc zombie (Dis:7)
  2 quokka skeletons
  A quokka zombie (D:5)
  5 rats
  A bush (Lair:2)
  A lurking horror (Abyss:4)
  2 plants
  8 starspawn tentacles
  2 tentacles (Tar:7)
3209 creatures vanquished.

Vanquished Creatures (collateral kills)
  The ghost of NormalPerson7 the Slayer, a legendary FoWr of Makhleb (Vaults:4)
  A caustic shrike (Depths:2)
  A lich (Depths:4)
  A shadow dragon (Depths:4)
  Donald (Swamp:3)
  A vault warden (Vaults:3)
  2 ironheart preservers
  A reaper (Dis:7)
  3 vampire knights (Depths:3)
  A very ugly thing (Depths:1)
  An ogre mage (D:13)
  5 hydras
  A spriggan air mage (Depths:2)
  A yaktaur captain (Depths:1)
  A rakshasa (Depths:2)
  2 vault guards
  An ice dragon (Lair:4)
  A deep troll shaman (Depths:1)
  4 death yaks (Lair:4)
  A tengu warrior (Depths:4)
  3 two-headed ogres
  5 alligators
  A spriggan berserker (Depths:5)
  2 orc high priests (Orc:2)
  2 hell knights
  A swamp dragon (Swamp:1)
  A glowing orange brain (Depths:4)
  An anaconda zombie (Coc:4)
  An ironbrand convoker (Vaults:4)
  4 orc knights (Orc:2)
  A shining eye (Slime:5)
  4 wolf spiders
  23 orb spiders
  An iron dragon skeleton (Coc:4)
  2 black mambas (Lair:6)
  A titan simulacrum (Coc:7)
  A black mamba (shapeshifter) (Depths:3)
  A frost giant skeleton (Depths:3)
  A spiny frog (Swamp:4)
  2 spectral swamp worms (Tar:7)
  A freezing wraith (D:14)
  2 demonic crawlers
  7 ice devils
  6 yaktaurs
  A merfolk (D:11)
  3 trolls
  3 jumping spiders
  3 tyrant leeches
  4 hornets
  3 slime creatures
  A hippogriff (Lair:5)
  A bog body (Swamp:4)
  7 dream sheep (Lair:5)
  5 blink frogs
  A fire giant simulacrum (Vaults:1)
  A flying skull (Tar:7)
  8 redbacks
  A vampire (D:11)
  A wyvern (Lair:6)
  2 tarantellas
  18 yaks
  2 wraiths
  3 hogs (Swamp:4)
  8 vampire mosquitoes
  4 swamp worms
  A warg (Orc:2)
  3 water moccasins
  5 swamp drakes
  A porcupine (Lair:3)
  A snapping turtle zombie (Dis:7)
  An ice beast (Coc:7)
  17 orc warriors
  A phantom (Coc:1)
  3 centaurs
  5 ogres
  2 crocodiles (Lair:1)
  A small abomination (Abyss:2)
  A yaktaur skeleton (Vaults:1)
  A scorpion (D:12)
  2 killer bees (D:10)
  A wight (Coc:1)
  9 orc priests
  9 orc wizards
  4 hell rats (Lair:3)
  An adder (D:11)
  37 orcs
  2 fungi
  A plant (Lair:4)
294 creatures vanquished.

Vanquished Creatures (others)
  An eldritch tentacle (Coc:7)
  2 elemental wellsprings (Coc:7)
  A blizzard demon (Coc:7)
  A two-headed ogre (Vaults:4)
  A deep elf archer (Vaults:4)
  A necromancer (Depths:3)
  A centaur skeleton (D:14)
  6 yaktaurs
  2 flying skulls
  3 redbacks
  3 yaks (D:14)
  An air elemental (Depths:4)
  An ice beast (Abyss:4)
  3 ogres
  4 dancing weapons
  A centaur (D:15)
  A bullfrog (D:14)
  A starcursed mass (Abyss:4)
  A quokka (D:5)
  14 fungi
  45 plants
  29 starspawn tentacles
  2 tentacles (Tar:7)
125 creatures vanquished.

Grand Total: 3628 creatures vanquished

Notes
Turn   | Place    | Note
-------+----------+-------------------------------------------
     0 | D:1      | tidbits the Octopode Air Elementalist began the quest for the Orb.
     0 | D:1      | Reached XP level 1. HP: 11/11 MP: 3/3
   348 | D:1      | Reached skill level 1 in Unarmed Combat
   549 | D:1      | Reached XP level 2. HP: 16/17 MP: 5/5
   563 | D:1      | Learned a level 2 spell: Swiftness
  1020 | D:2      | Reached XP level 3. HP: 16/21 MP: 6/6
  1081 | D:2      | Found a stormy altar of Qazlal.
  1090 | D:2      | Noticed Jessica
  1665 | D:2      | Found a snail-covered altar of Cheibriados.
  1814 | D:2      | Reached XP level 4. HP: 27/27 MP: 4/7
  1988 | D:2      | Found a glowing silver altar of Zin.
  2095 | D:2      | Reached skill level 1 in Fighting
  2279 | D:2      | Found an iron altar of Okawaru.
  2291 | D:2      | Became a worshipper of Warmaster Okawaru
  2490 | D:2      | Killed Jessica
  2642 | D:2      | Reached XP level 5. HP: 28/34 MP: 0/8
  2798 | D:3      | Noticed a sky beast
  2804 | D:3      | Noticed wazuzu's ghost (amateur CeHu)
  2826 | D:3      | Killed wazuzu's ghost
  2826 | D:3      | Reached * piety under Okawaru
  2826 | D:3      | Reached skill level 5 in Unarmed Combat
  2826 | D:3      | Reached XP level 6. HP: 39/39 MP: 9/9
  3233 | D:3      | Killed a sky beast
  3233 | D:3      | Reached XP level 7. HP: 22/45 MP: 7/10
  4071 | D:4      | Found a shadowy altar of Dithmenos.
  4300 | D:5      | Entered Level 5 of the Dungeon
  4894 | D:5      | Reached skill level 5 in Stealth
  4942 | D:5      | Found a white marble altar of Elyvilon.
  5369 | D:5      | Found a blossoming altar of Fedhas.
  5546 | D:6      | Reached XP level 8. HP: 40/50 MP: 11/11
  6160 | D:6      | Reached ** piety under Okawaru
  7894 | D:7      | Found a staircase to the Ecumenical Temple.
  7899 | D:7      | Noticed Prince Ribbit
  7947 | D:7      | Killed Prince Ribbit
  7947 | D:7      | Reached skill level 5 in Dodging
  7955 | D:7      | Reached XP level 9. HP: 38/54 MP: 7/12
 10833 | D:7      | Found a runed door.
 10838 | D:7      | Noticed Crazy Yiuf
 10842 | D:7      | Killed Crazy Yiuf
 10842 | D:7      | Reached skill level 5 in Fighting
 10979 | D:8      | Reached XP level 10. HP: 41/66 MP: 13/13
 11194 | D:8      | Found a sparkling altar of Nemelex Xobeh.
 11270 | D:8      | Found a shimmering altar of Xom.
 11282 | D:8      | Reached skill level 1 in Evocations
 12060 | D:10     | Entered Level 10 of the Dungeon
 12140 | D:10     | Reached skill level 10 in Unarmed Combat
 12157 | D:10     | Got an ichor-stained rapier
 12675 | D:10     | Noticed a gargoyle
 12742 | D:10     | Found a staircase to the Lair.
 12803 | Lair:1   | Entered Level 1 of the Lair of Beasts
 12914 | Lair:1   | Found a radiant altar of Vehumet.
 13026 | Lair:1   | Noticed a five-headed hydra
 13116 | Lair:2   | Noticed a six-headed hydra
 13204 | Lair:2   | Noticed a black mamba
 13217 | Lair:2   | Killed a black mamba
 13232 | Lair:2   | Noticed an oklob plant
 13430 | Lair:1   | Noticed an eight-headed hydra
 13496 | D:10     | Noticed a two-headed ogre
 13511 | D:10     | Killed a two-headed ogre
 13511 | D:10     | Reached *** piety under Okawaru
 13511 | D:10     | Reached XP level 11. HP: 67/74 MP: 14/14
 13829 | D:10     | Noticed Erica
 13890 | D:10     | Learned a level 3 spell: Call Canine Familiar
 13908 | D:9      | Noticed a two-headed ogre
 13921 | D:9      | Killed a two-headed ogre
 13928 | D:9      | Learned a level 1 spell: Summon Small Mammal
 13931 | D:9      | Found Lidin's Assorted Antiques.
 13939 | D:9      | Bought a blackened wooden ring for 130 gold pieces
 13939 | D:9      | Bought a peridot ring for 130 gold pieces
 13942 | D:9      | Bought a dented amethyst amulet for 130 gold pieces
 13942 | D:9      | Bought a scroll labeled UKHOSS SIGE for 26 gold pieces
 14208 | D:9      | Got a smoking rapier
 14351 | D:8      | Found an ancient bone altar of Kikubaaqudgha.
 14865 | D:10     | Reached **** piety under Okawaru
 15163 | D:10     | Learned a level 4 spell: Summon Lightning Spire
 15191 | D:10     | Found Qerin's Antique Armour Shoppe.
 15807 | D:11     | Found a staircase to the Orcish Mines.
 15809 | D:11     | Found Ukolai Core's Armour Boutique.
 16264 | D:11     | Bought a +0 buckler for 63 gold pieces
 16565 | D:11     | Reached skill level 1 in Shields
 16935 | D:12     | Noticed a cyclops
 16976 | D:12     | Found a frozen archway.
 17017 | D:12     | Gained mutation: You passively map a small area around you. [potion of mutation]
 17017 | D:12     | Gained mutation: You are somewhat resistant to further mutation. [potion of mutation]
 17018 | D:12     | Identified the cursed +3 rapier "Hafesen" {antimagic, rPois MR- Str+4} (You found it on level 10 of the Dungeon)
 17020 | D:12     | Identified the cursed +2 rapier of Egomania {pierce, Str+3 Int+6} (You found it on level 9 of the Dungeon)
 17050 | IceCv    | Entered an ice cave
 17301 | IceCv    | Learned a level 2 spell: Call Imp
 17701 | IceCv    | Learned a level 4 spell: Summon Ice Beast
 17983 | IceCv    | Reached XP level 12. HP: 74/81 MP: 11/17
 18094 | IceCv    | Reached skill level 5 in Invocations
 18537 | D:12     | Noticed Psyche
 18678 | D:12     | Reached skill level 5 in Summonings
 18808 | D:12     | Reached skill level 1 in Ice Magic
 19340 | D:12     | Killed Psyche
 19431 | Lair:1   | Killed an eight-headed hydra
 19486 | Lair:1   | Noticed Sonja
 19499 | Lair:1   | Killed Sonja
 19919 | Lair:1   | Reached ***** piety under Okawaru
 20915 | Lair:3   | Noticed Fannar
 21152 | Lair:3   | Found a staircase to the Swamp.
 21229 | Lair:3   | Noticed Nergalle
 21259 | Lair:3   | Killed Nergalle
 21279 | Lair:3   | Noticed Snorg
 21343 | Lair:3   | Killed Fannar
 21343 | Lair:3   | Received a gift from Okawaru
 21504 | Lair:4   | Noticed Rupert
 21534 | Lair:4   | Noticed a death yak
 21709 | Orc:1    | Entered Level 1 of the Orcish Mines
 21775 | Orc:1    | Found Hysinoupn's Book Shop.
 21786 | Orc:1    | Bought a book of Maledictions for 325 gold pieces
 21786 | Orc:1    | Bought a book of Cantrips for 260 gold pieces
 21788 | Orc:1    | Learned a level 1 spell: Animate Skeleton
 21790 | Orc:1    | Learned a level 1 spell: Apportation
 21804 | Orc:1    | Noticed Josephine
 21822 | Orc:1    | Killed Josephine
 21822 | Orc:1    | Reached XP level 13. HP: 88/88 MP: 5/19
 21864 | Orc:1    | Reached skill level 5 in Spellcasting
 22493 | D:11     | Received a gift from Okawaru
 22551 | D:11     | Learned a level 3 spell: Tukima's Dance
 22641 | Orc:1    | Reached skill level 1 in Hexes
 22702 | Orc:2    | Entered Level 2 of the Orcish Mines
 23441 | Orc:2    | Found a staircase to the Elven Halls.
 23803 | Orc:2    | Learned a level 1 spell: Confusing Touch
 23867 | Orc:2    | Noticed Kenran's ghost (journeyman DsCK)
 24446 | Orc:2    | Reached skill level 1 in Necromancy
 24778 | Orc:2    | Noticed a deep elf death mage
 24813 | Orc:2    | Killed a deep elf death mage
 25148 | Orc:2    | Killed Kenran's ghost
 25731 | Orc:2    | Received a gift from Okawaru
 25740 | Orc:2    | Got a distressingly furry shield {god gift}
 25788 | Orc:2    | Identified the +1 shield "Cuggoq" {+Fly Str+3 SInv} (Okawaru gifted it to you on level 2 of the Orcish Mines)
 26233 | Orc:2    | Found Yruurett's Gadget Shop.
 26233 | Orc:2    | Found Vyehesim's Book Shop.
 26234 | Orc:2    | Found Wynaez's Gadget Shop.
 26234 | Orc:2    | Found Qason's Antique Weapon Boutique.
 26249 | Orc:2    | Bought a wand of digging (7/24) for 308 gold pieces
 26253 | Orc:2    | Bought a book of Changes for 350 gold pieces
 26256 | Orc:2    | Learned a level 2 spell: Sticks to Snakes
 26349 | Orc:2    | Reached skill level 1 in Transmutations
 26486 | Lair:1   | Learned a level 1 spell: Beastly Appendage
 26632 | Lair:3   | Reached XP level 14. HP: 94/95 MP: 18/23
 28585 | Lair:6   | Entered Level 6 of the Lair of Beasts
 28624 | Lair:6   | Reached skill level 1 in Translocations
 29341 | Lair:6   | Learned a level 3 spell: Regeneration
 29461 | Lair:6   | Reached skill level 1 in Charms
 29518 | Lair:6   | Found a viscous altar of Jiyva.
 29518 | Lair:6   | Found a staircase to the Slime Pits.
 30243 | Lair:2   | Noticed Gastronok
 30501 | D:13     | Found Zin Siod's Gadget Emporium.
 30742 | D:13     | Found a gate to the Vaults.
 30980 | D:13     | Received a gift from Okawaru
 31324 | D:14     | Noticed Roxanne
 31590 | D:14     | Noticed Azrael
 31798 | D:14     | Found Varoext's Assorted Antiques.
 31925 | D:15     | Entered Level 15 of the Dungeon
 32103 | D:15     | Reached XP level 15. HP: 99/100 MP: 28/28
 32421 | D:15     | Found Etzetyl's Quality Used Wands.
 32431 | D:15     | Reached skill level 10 in Spellcasting
 32962 | D:14     | Reached skill level 5 in Transmutations
 33074 | D:14     | Killed Roxanne
 33371 | D:14     | Identified Roxanne's Tome of Earth (You took it off Roxanne on level 14 of the Dungeon)
 33556 | Lair:1   | Learned a level 4 spell: Ice Form
 33560 | Lair:1   | Learned a level 3 spell: Ozocubu's Armour
 33563 | Lair:1   | Identified a scroll of acquirement
 33564 | Lair:1   | Got a flickering tin ring
 33565 | Lair:1   | Identified the ring "Ositih" {Wiz -Tele rN++ Str+4} (You acquired it on level 1 of the Lair of Beasts)
 33684 | Swamp:1  | Entered Level 1 of the Swamp
 34020 | Swamp:1  | Noticed XxPooperXx's ghost (journeyman TrMo)
 34046 | Swamp:1  | Killed XxPooperXx's ghost
 34593 | Swamp:1  | Received a gift from Okawaru
 36146 | Swamp:3  | Noticed Donald
 36230 | Swamp:3  | Paralysed by a hornet for 1 turns
 36235 | Swamp:3  | Received a gift from Okawaru
 36274 | Swamp:3  | Noticed Mara
 36289 | Swamp:3  | Noticed a thorn hunter
 36442 | Swamp:4  | Entered Level 4 of the Swamp
 36523 | Swamp:4  | Noticed Kirke
 36526 | Swamp:4  | Killed Kirke
 36551 | Swamp:4  | Reached XP level 16. HP: 70/107 MP: 14/32
 36578 | Swamp:4  | Learned a level 2 spell: Passwall
 36641 | Swamp:4  | Identified the +5 broad axe of Kasimij {flame, rF+ MR+} (You found it on level 4 of the Swamp)
 36689 | Swamp:4  | Learned a level 6 spell: Statue Form
 36824 | Swamp:4  | Reached skill level 1 in Earth Magic
 37046 | Swamp:4  | Received a gift from Okawaru
 37293 | Swamp:4  | Reached skill level 5 in Earth Magic
 37298 | Swamp:4  | Noticed the 27-headed Lernaean hydra
 37301 | Swamp:4  | Killed the 27-headed Lernaean hydra
 37394 | Swamp:4  | Got a decaying rune of Zot
 37521 | Swamp:4  | Noticed a thorn hunter
 37554 | Swamp:3  | Noticed tidbits's illusion
 37581 | Swamp:3  | Noticed tidbits's illusion
 37653 | Swamp:3  | Killed a thorn hunter
 37742 | Swamp:3  | Killed Donald
 37747 | Swamp:3  | Noticed tidbits's illusion
 37759 | Swamp:3  | Killed Mara
 37832 | Swamp:3  | Received a gift from Okawaru
 37964 | Lair:3   | Killed Snorg
 38097 | Lair:2   | Found a hole to the Spider Nest.
 38113 | Spider:1 | Entered Level 1 of the Spider Nest
 38159 | Spider:1 | Noticed Louise
 38192 | Spider:1 | Killed Louise
 38287 | Spider:1 | Identified the Handbook of Good Luck and the Entourage
 38376 | Spider:1 | Reached skill level 10 in Transmutations
 38376 | Spider:1 | Reached skill level 10 in Earth Magic
 38376 | Spider:1 | Reached XP level 17. HP: 111/111 MP: 26/33
 38836 | Spider:2 | Reached XP level 18. HP: 117/117 MP: 28/34
 38865 | Spider:2 | Got a twitching marble ring
 38867 | Spider:2 | Identified the ring of Zuolist {rCorr Dex+5} (You found it on level 2 of the Spider Nest)
 38889 | Spider:2 | Noticed Arachne
 38912 | Spider:2 | Killed Arachne
 39012 | Spider:2 | Noticed Agnes
 39022 | Spider:2 | Killed Agnes
 39105 | Spider:2 | Identified the ring of Xom's Ringing Laughter {rF+ rC+ MP+9 Str+2} (You found it on level 2 of the Spider Nest)
 39219 | Spider:3 | Learned a level 2 spell: Blink
 39249 | Spider:3 | Learned a level 4 spell: Passage of Golubria
 39639 | Spider:3 | Reached skill level 10 in Dodging
 39748 | Spider:3 | Got an ancient brass ring
 39749 | Spider:3 | Identified the ring of Fotulaew {Wiz rF- Str+5} (You found it on level 3 of the Spider Nest)
 39873 | Spider:3 | Received a gift from Okawaru
 39885 | Spider:3 | Identified the +8 demon trident "Newtbane" {pain, rPois rF++ rN+ Str-5} (Okawaru gifted it to you on level 3 of the Spider Nest)
 39960 | Spider:4 | Entered Level 4 of the Spider Nest
 40232 | Spider:4 | Noticed Asterion
 40250 | Spider:4 | Killed Asterion
 40507 | Spider:4 | Reached skill level 10 in Fighting
 40861 | Spider:4 | Reached ****** piety under Okawaru
 40940 | Spider:3 | Reached XP level 19. HP: 127/127 MP: 13/35
 41177 | Spider:4 | Got a gossamer rune of Zot
 41386 | Lair:2   | Killed Gastronok
 41650 | Lair:6   | Found a large runed door.
 41651 | Lair:6   | Found a large runed door.
 41911 | Lair:4   | Killed Rupert
 42149 | D:10     | Killed Erica
 42543 | D:14     | Killed Azrael
 42546 | D:14     | Received a gift from Okawaru
 42571 | D:14     | Bought a scroll of identify for 48 gold pieces
 42571 | D:14     | Bought a scroll of teleportation for 72 gold pieces
 42571 | D:14     | Bought a scroll of identify for 48 gold pieces
 43113 | D:15     | Found a staircase to the Depths.
 43164 | D:15     | Learned a level 3 spell: Lesser Beckoning
 43237 | Vaults:1 | Entered Level 1 of the Vaults
 43631 | Vaults:1 | You fall through a shaft!
 43712 | Vaults:2 | Received a gift from Okawaru
 43975 | Vaults:2 | Reached skill level 15 in Spellcasting
 44009 | Vaults:2 | Found a gateway to a bazaar.
 44417 | Vaults:1 | Received a gift from Okawaru
 44417 | Vaults:1 | Reached XP level 20. HP: 133/133 MP: 37/39
 45619 | Vaults:3 | Found a staircase to the Crypt.
 45800 | Vaults:3 | Found an iron altar of Okawaru.
 46128 | Vaults:3 | Received a gift from Okawaru
 46221 | Vaults:3 | Reached skill level 15 in Unarmed Combat
 46255 | Vaults:3 | Received a gift from Okawaru
 46490 | Vaults:3 | Reached XP level 21. HP: 140/140 MP: 42/42
 46660 | Vaults:4 | Reached skill level 10 in Stealth
 46881 | Vaults:4 | Noticed NormalPerson7's ghost (legendary FoWr)
 46902 | Vaults:4 | Killed NormalPerson7's ghost
 47423 | Vaults:4 | Received a gift from Okawaru
 47428 | Vaults:4 | Got a dazzling buckler {god gift}
 47439 | Vaults:4 | Identified the +0 buckler of Okawaru's Regard {rN+ Int+3 Dex-2} (Okawaru gifted it to you on level 4 of the Vaults)
 47915 | Vaults:4 | Paralysed by an ogre mage for 6 turns
 48164 | Depths:1 | Entered Level 1 of the Depths
 48251 | Depths:1 | Noticed Bai Suzhen
 48290 | Depths:1 | Killed Bai Suzhen
 48595 | Depths:1 | Noticed stickyfingers's ghost (journeyman HOBe)
 48601 | Depths:1 | Killed stickyfingers's ghost
 48601 | Depths:1 | Reached skill level 5 in Translocations
 48644 | Depths:1 | Reached XP level 22. HP: 150/150 MP: 37/43
 48696 | Depths:1 | Found a gateway to Hell.
 48841 | Depths:1 | Received a gift from Okawaru
 48948 | Depths:1 | Found Vogatwa's Jewellery Boutique.
 48948 | Depths:1 | Found Wudei's Gadget Shoppe.
 48949 | Depths:1 | Found Estrevom's Jewellery Boutique.
 48962 | Depths:1 | Bought the ring "Noacoavo" {Wiz +Fly rPois rC+ SInv} for 654 gold pieces
 49090 | Depths:2 | Found a flickering gateway to a bazaar.
 49107 | Bazaar   | Entered a bazaar
 49107 | Bazaar   | Found Bostaceg's Armour Shoppe.
 49107 | Bazaar   | Found Qinog's Assorted Antiques.
 49111 | Bazaar   | Found Qiwnyuho's Distillery.
 49125 | Bazaar   | Found Ylove's Antique Armour Emporium.
 49137 | Bazaar   | Bought a scroll of identify for 64 gold pieces
 49137 | Bazaar   | Bought a potion of curing for 96 gold pieces
 49137 | Bazaar   | Bought a scroll of blinking for 240 gold pieces
 49137 | Bazaar   | Bought a scroll of teleportation for 96 gold pieces
 49137 | Bazaar   | Bought a scroll of teleportation for 96 gold pieces
 49147 | Bazaar   | Bought a potion of ambrosia for 48 gold pieces
 49147 | Bazaar   | Bought a potion of invisibility for 48 gold pieces
 49147 | Bazaar   | Bought a potion of curing for 18 gold pieces
 49147 | Bazaar   | Bought a potion of agility for 24 gold pieces
 49147 | Bazaar   | Bought a potion of resistance for 60 gold pieces
 49147 | Bazaar   | Bought 2 potions of mutation for 96 gold pieces
 49147 | Bazaar   | Bought a potion of agility for 24 gold pieces
 49147 | Bazaar   | Bought a potion of heal wounds for 30 gold pieces
 49147 | Bazaar   | Bought a potion of ambrosia for 48 gold pieces
 49242 | Depths:2 | Found a magical portal.
 49250 | WizLab   | Entered The Roulette of Golubria
 49250 | WizLab   | Found a transporter.
 49253 | WizLab   | Found a corrupted altar of Lugonu.
 49298 | WizLab   | Found a transporter.
 49320 | WizLab   | Found a transporter.
 49358 | WizLab   | Found a transporter.
 49378 | WizLab   | Found a transporter.
 49402 | WizLab   | Found a transporter.
 49418 | WizLab   | Found a transporter.
 49434 | WizLab   | Found a transporter.
 49448 | WizLab   | Found a corrupted altar of Lugonu.
 49450 | WizLab   | Found a transporter.
 49450 | WizLab   | Found a transporter.
 49479 | WizLab   | Found a transporter.
 49505 | WizLab   | Found a transporter.
 49505 | WizLab   | Found a transporter.
 49531 | WizLab   | Found a transporter.
 49531 | WizLab   | Found a transporter.
 49585 | WizLab   | Identified Ykest's Grimoire of the Voyage
 49586 | WizLab   | Identified Golubria's Grimoire of the Voyage
 49604 | WizLab   | Found a transporter.
 49612 | WizLab   | Reached skill level 5 in Charms
 49662 | WizLab   | Found a transporter.
 49662 | WizLab   | Found a transporter.
 49701 | WizLab   | Found a transporter.
 49701 | WizLab   | Found a transporter.
 49710 | WizLab   | Reached skill level 5 in Necromancy
 50002 | Depths:2 | Upgraded the game from 0.21-a0-85-ga0cb861 to 0.21-a0-88-g13b9641
 50143 | Depths:2 | Noticed stickyfingers's ghost (adept HOBe)
 50161 | Depths:2 | Killed stickyfingers's ghost
 50500 | Depths:2 | Found a one-way gate leading to the halls of Pandemonium.
 50577 | Depths:2 | Got a fine hand crossbow
 50578 | Depths:2 | Identified the +10 hand crossbow of Peace {elec, rPois Dex+2} (You found it on level 2 of the Depths)
 50681 | Depths:2 | Noticed a caustic shrike
 50689 | Depths:2 | Killed a caustic shrike
 50699 | Depths:2 | Noticed a caustic shrike
 50702 | Depths:2 | Killed a caustic shrike
 50702 | Depths:2 | Received a gift from Okawaru
 51035 | Depths:3 | Reached XP level 23. HP: 158/158 MP: 44/44
 51060 | Depths:3 | Noticed Boris
 51072 | Depths:3 | Killed Boris
 51224 | Depths:3 | Noticed Xtahua
 51231 | Depths:3 | Killed Xtahua
 51288 | Depths:3 | Found a gateway to a ziggurat.
 51443 | Depths:3 | Noticed Frederick
 51453 | Depths:3 | Killed Frederick
 51453 | Depths:3 | Received a gift from Okawaru
 51851 | Depths:4 | Found an opulent altar of Gozag.
 51957 | Depths:4 | Noticed Sojobo
 51965 | Depths:4 | Killed Sojobo
 51965 | Depths:4 | Received a gift from Okawaru
 51975 | Depths:4 | Found a hazy altar of Hepliaklqana.
 52002 | Depths:4 | Identified Sif Muna's Papyrus of Creative Clay
 52279 | Depths:4 | Reached skill level 15 in Fighting
 52309 | Depths:4 | Reached XP level 24. HP: 169/169 MP: 42/44
 52560 | Depths:4 | Found a glowing golden altar of the Shining One.
 52673 | Depths:4 | Noticed an ancient lich
 52681 | Depths:4 | Killed an ancient lich
 52708 | Depths:4 | Received a gift from Okawaru
 52741 | Depths:4 | Identified the +0 hat "Joogu" {rF+ rCorr Dex-5} (You found it on level 4 of the Depths)
 52786 | Depths:4 | Learned a level 5 spell: Irradiate
 52794 | Depths:4 | Learned a level 7 spell: Dragon Form
 52857 | Depths:4 | Found a shattered altar of Ashenzari.
 52858 | Depths:4 | Found a one-way gate to the infinite horrors of the Abyss.
 52929 | Depths:5 | Entered Level 5 of the Depths
 52981 | Depths:5 | Found a gate to the Realm of Zot.
 53135 | Depths:5 | Received a gift from Okawaru
 53145 | Depths:5 | Reached skill level 5 in Conjurations
 53205 | Depths:5 | Noticed the Enchantress
 53211 | Depths:5 | Killed the Enchantress
 53424 | Depths:5 | Reached XP level 25. HP: 176/176 MP: 44/44
 53653 | Depths:5 | Received a gift from Okawaru
 54044 | Elf:1    | Entered Level 1 of the Elven Halls
 54286 | Elf:1    | Found Wachaliu's Assorted Antiques.
 54294 | Elf:1    | Bought a metal-bound book for 300 gold pieces
 54736 | Elf:1    | Found a portal to a secret trove of treasure.
 55077 | Elf:2    | Found a runed gate.
 55077 | Elf:2    | Found a runed gate.
 55078 | Elf:2    | Found a runed gate.
 55598 | Elf:3    | Entered Level 3 of the Elven Halls
 56106 | Elf:3    | Received a gift from Okawaru
 56516 | Elf:3    | Received a gift from Okawaru
 56519 | Elf:3    | Got a faintly glowing hat {god gift}
 56520 | Elf:3    | Identified the +2 hat of Okawaru's Favour {rC- Str+4} (Okawaru gifted it to you on level 3 of the Elven Halls)
 56531 | Elf:3    | Reached XP level 26. HP: 187/187 MP: 44/44
 56580 | Elf:3    | Got a shimmering platinum amulet
 56584 | Elf:3    | Got a brightly glowing steel ring
 56585 | Elf:3    | Identified the amulet of Gisaog {Reflect rElec SH+6 SInv} (You took it off a deep elf demonologist on level 3 of the Elven Halls)
 56586 | Elf:3    | Identified the ring "Ely Deah" {*Drain rPois rN+ Dex+4} (You took it off a deep elf knight on level 3 of the Elven Halls)
 56706 | Elf:3    | Got a fine lapis lazuli ring
 56707 | Elf:3    | Identified the ring of Miracles {*Tele rC++} (You found it on level 3 of the Elven Halls)
 57303 | Slime:1  | Entered Level 1 of the Pits of Slime
 57461 | Slime:4  | Noticed Dissolution
 57470 | Slime:4  | Paralysed by a floating eye for 3 turns
 57480 | Slime:3  | Killed Dissolution
 57633 | Slime:5  | Entered Level 5 of the Pits of Slime
 57668 | Slime:5  | Noticed the Royal Jelly
 57671 | Slime:5  | Found a viscous altar of Jiyva.
 57696 | Slime:5  | Killed the Royal Jelly
 57731 | Slime:5  | Reached skill level 15 in Dodging
 57754 | Slime:5  | Identified the Reference Book on Evil Secrets and the Volcanoes
 57837 | Slime:5  | Got a slimy rune of Zot
 58311 | Depths:2 | Received a gift from Okawaru
 58346 | Hell     | Entered the Vestibule of Hell
 58346 | Hell     | Noticed Geryon
 58357 | Hell     | Killed Geryon
 58373 | Hell     | Found a gateway to the ashen valley of Gehenna.
 58502 | Hell     | Found a gateway to the decaying netherworld of Tartarus.
 58518 | Tar:1    | Entered Level 1 of Tartarus
 58730 | Tar:3    | Reached XP level 27. HP: 59/199 MP: 37/44
 59296 | Tar:7    | Entered Level 7 of Tartarus
 59366 | Tar:7    | Received a gift from Okawaru
 59371 | Tar:7    | Identified the -4 shield of the Tormentor {*Corrode rF+ MP+9 Slay+2 Stlth+} (Okawaru gifted it to you on level 7 of Tartarus)
 59939 | Tar:7    | Identified Nuteg's Hermeneutics in Simple Steps
 60050 | Tar:7    | Noticed Ereshkigal
 60089 | Tar:7    | Killed Ereshkigal
 60117 | Tar:7    | Identified Sif Muna's Incunabulum of Glacial Heat
 60122 | Tar:7    | Got a bone rune of Zot
 60231 | Hell     | Found a gateway to the Iron City of Dis.
 60242 | Dis:1    | Entered Level 1 of the Iron City of Dis
 60868 | Dis:5    | Received a gift from Okawaru
 61008 | Dis:7    | Entered Level 7 of the Iron City of Dis
 61530 | Dis:7    | Reached skill level 10 in Translocations
 61532 | Dis:7    | Noticed Dispater
 61542 | Dis:7    | Killed Dispater
 61600 | Dis:7    | Got an iron rune of Zot
 61641 | Dis:7    | Received a gift from Okawaru
 61868 | Hell     | Found a gateway to the freezing wastes of Cocytus.
 61907 | Coc:1    | Entered Level 1 of Cocytus
 61913 | Coc:1    | Received a gift from Okawaru
 62173 | Coc:4    | Reached skill level 15 in Translocations
 62350 | Coc:7    | Entered Level 7 of Cocytus
 62485 | Coc:7    | Noticed the Serpent of Hell
 62501 | Coc:7    | Killed the Serpent of Hell
 62501 | Coc:7    | Received a gift from Okawaru
 62839 | Coc:7    | Reached skill level 10 in Invocations
 62857 | Coc:7    | Received a gift from Okawaru
 62869 | Coc:7    | Identified the +0 shield "Remiudgh" {rF+} (Okawaru gifted it to you on level 7 of Cocytus)
 62975 | Coc:7    | Identified the Almanac of Displacement and Enhancements
 62990 | Coc:7    | Reached skill level 5 in Evocations
 62999 | Coc:7    | Got a steaming platinum ring
 63000 | Coc:7    | Identified the ring of Daer {MR+ Dex+4 Stlth-} (You found it on level 7 of Cocytus)
 63129 | Coc:7    | Noticed Antaeus
 63149 | Coc:7    | Killed Antaeus
 63277 | Coc:7    | Reached skill level 10 in Evocations
 63308 | Coc:7    | Received a gift from Okawaru
 63342 | Coc:7    | Identified the Collected Works on Good Luck
 63354 | Coc:7    | Got an icy rune of Zot
 63510 | Geh:1    | Entered Level 1 of Gehenna
 63557 | Geh:1    | You are sucked into a shaft!
 63749 | Geh:4    | You are sucked into a shaft for 2 floors!
 63774 | Geh:7    | Entered Level 7 of Gehenna
 64288 | Geh:7    | Identified the Grimoire of Supportive Transmigration
 64303 | Geh:7    | Noticed Asmodeus
 64320 | Geh:7    | Killed Asmodeus
 64320 | Geh:7    | Reached skill level 15 in Stealth
 64335 | Geh:7    | Got a warped brass ring
 64341 | Geh:7    | Got an obsidian rune of Zot
 64510 | Geh:7    | Gained mutation: You are frail. (-10% HP) [mutagenic glow]
 64558 | Geh:7    | Gained mutation: You are occasionally teleported next to monsters. [mutagenic glow]
 64628 | Hell     | Identified the cursed ring of Pulyjul {Str-3 Int+5 Dex+2} (You found it on level 7 of Gehenna)
 64641 | Hell     | Identified the Disquisition on Displacement and the Oath (You acquired it in the Vestibule of Hell)
 64703 | D:15     | Learned a level 8 spell: Controlled Blink
 64784 | Pan      | Entered Pandemonium
 64784 | Pan      | Noticed Fiunus the pandemonium lord
 64868 | Pan      | Lost mutation: You are occasionally teleported next to monsters. [potion of mutation]
 64868 | Pan      | Lost mutation: You are somewhat resistant to further mutation. [potion of mutation]
 64868 | Pan      | Lost mutation: You are frail. (-10% HP) [potion of mutation]
 64868 | Pan      | Lost mutation: You passively map a small area around you. [potion of mutation]
 64868 | Pan      | Gained mutation: You occasionally shout uncontrollably at your foes. [potion of mutation]
 64868 | Pan      | Gained mutation: Your magical capacity is low. (-10% MP) [potion of mutation]
 64868 | Pan      | Gained mutation: One of your tentacles bears a spike. [potion of mutation]
 64869 | Pan      | Lost mutation: Your magical capacity is low. (-10% MP) [potion of mutation]
 64869 | Pan      | Lost mutation: One of your tentacles bears a spike. [potion of mutation]
 64869 | Pan      | Lost mutation: You occasionally shout uncontrollably at your foes. [potion of mutation]
 64869 | Pan      | Gained mutation: Your system is resistant to poisons. (rPois) [potion of mutation]
 64869 | Pan      | Gained mutation: You are resistant to hostile enchantments. (MR+) [potion of mutation]
 64869 | Pan      | Gained mutation: One of your tentacles bears a spike. [potion of mutation]
 64928 | Pan      | Received a gift from Okawaru
 64995 | Pan      | Noticed Qiejeitz the pandemonium lord
 65006 | Pan      | Killed Qiejeitz the pandemonium lord
 65113 | Pan      | Found an exit through the horrors of the Abyss.
 65123 | Pan      | Took an exit into the Abyss.
 65123 | Abyss:1  | Escaped into the Abyss
 65181 | Abyss:2  | Found a corrupted altar of Lugonu.
 65312 | Abyss:2  | Learned a level 5 spell: Aura of Abjuration
 65738 | Abyss:3  | Received a gift from Okawaru
 65751 | Abyss:3  | Found a roughly hewn altar of Beogh.
 65826 | Abyss:3  | Paralysed by accursed screaming for 1 turns
 65898 | Abyss:4  | Found a corrupted altar of Lugonu.
 66193 | Abyss:4  | Paralysed by accursed screaming for 1 turns
 66201 | Abyss:4  | Paralysed by accursed screaming for 2 turns
 66208 | Abyss:4  | Paralysed by accursed screaming for 2 turns
 66212 | Abyss:4  | Found a corrupted altar of Lugonu.
 66269 | Abyss:4  | Paralysed by accursed screaming for 1 turns
 66278 | Abyss:4  | Paralysed by accursed screaming for 2 turns
 66282 | Abyss:4  | Paralysed by accursed screaming for 1 turns
 66440 | Abyss:4  | Received a gift from Okawaru
 66447 | Abyss:4  | Got a smoking hat {god gift}
 66448 | Abyss:4  | Identified the +1 hat of Focus {MR+ MP+9 Str+3} (Okawaru gifted it to you on level 4 of the Abyss)
 66548 | Abyss:5  | Entered Level 5 of the Abyss
 66639 | Abyss:5  | Paralysed by accursed screaming for 1 turns
 66673 | Abyss:5  | Got an abyssal rune of Zot
 66677 | Depths:2 | Escaped the Abyss
 66697 | Depths:2 | Learned a level 6 spell: Darkness
 66700 | Pan      | Entered Pandemonium
 66794 | Pan      | Found an exit through the horrors of the Abyss.
 66799 | Pan      | Noticed Tiavazug the pandemonium lord
 66823 | Pan      | Reached skill level 5 in Hexes
 66867 | Pan      | Killed Tiavazug the pandemonium lord
 66940 | Depths:2 | Escaped Pandemonium
 66945 | Pan      | Entered Pandemonium
 67113 | Pan      | Found a glowing silver altar of Zin.
 67236 | Pan      | Reached skill level 10 in Hexes
 67528 | Pan      | Noticed a seraph
 67539 | Pan      | Killed a seraph
 67555 | Pan      | Found a glowing golden altar of the Shining One.
 67574 | Pan      | Got a demonic rune of Zot
 67629 | Depths:2 | Escaped Pandemonium
 67631 | Pan      | Entered Pandemonium
 67652 | Pan      | Received a gift from Okawaru
 67865 | Pan      | Found an exit through the horrors of the Abyss.
 68014 | Pan      | Noticed Nauwk the pandemonium lord
 68015 | Pan      | Paralysed by Nauwk for 5 turns
 68016 | Pan      | HP: 12/269 [chaos spawn (5)]
 68017 | Pan      | Demolished by Nauwk the pandemonium lord

Vault maps used:
D:1:      matt_arrival_los_fun
D:2:      overflow_temple_1_default, kennysheep_slug_shrine, zin_statuary,
          kennysheep_decorative_pillar, minivault_25, okawaru_altar_gauntlet_db,
          uniq_jessica
D:3:      kennysheep_flooded_box, minmay_item_behind_shaft
D:4:      nicolae_dithmenos_through_a_glass_darkly
D:5:      elyvilon_altar_4, lemuel_doored_altar, first_bread
D:6:      lemuel_castle_with_subvaults
D:7:      minmay_temple_entry_glass, uniq_crazy_yiuf_cottage,
          uniq_prince_ribbit1
D:8:      nemelex_xobeh_ov_fountains_minmay, kennysheep_vampire_church,
          nicolae_overflow_crystal_walls
D:9:      serial_shops, nicolae_shop_overgrown_old_shop
D:10:     lair_entry_dummy, serial_shops, nicolae_shop_statue_plus, uniq_erica
D:11:     orc_david_3, hangedman_fish_farm
D:12:     portal_ice_cave_rime, uniq_psyche
D:13:     david_vaults_2, serial_shops, shop
D:14:     wad_crossroads, eino_curves_03, serial_shops,
          nicolae_shop_overgrown_old_shop, patterned_corridor, uniq_roxanne,
          uniq_azrael
D:15:     grunt_enter_depths_magical_seal, hangedman_glass_teeth,
          nicolae_for_you_no_charge
Lair:1:   basic_altar, grunt_megastairs_4, uniq_sonja
Lair:2:   nicolae_spider_entry_orb_guardian, disabler_island, uniq_gastronok
Lair:3:   swamp_mist, uniq_snorg, uniq_nergalle, uniq_fannar
Lair:4:   dragon1_lemuel, uniq_rupert
Lair:5:   st_stairs_13, serial_bayou_shore_a, infiniplex_staircase_pool_2
Lair:6:   cheibrodos_lair_end_hotspot, dpeg_slime_entry_enclosed_altar
Swamp:1:  evilmike_swamp_ruin_house_4, swamp_pool2, st_swamp_ruins_1
Swamp:2:  evilmike_swamp_ruin_house_6, swamp_pool1, nicolae_swamp_dense_foliage
Swamp:3:  evilmike_swamp_ruin_house_2, swamp_pool3, uniq_donald, uniq_mara
Swamp:4:  swamp_old_school, nicolae_swamp_orc_logging_accident, swamp_pool5,
          uniq_kirke
Spider:1: hangedman_spider_mandibles, uniq_louise
Spider:2: uniq_arachne, uniq_agnes
Spider:3: nicolae_arachne_temple
Spider:4: grunt_spider_rune_circles, uniq_asterion
Slime:4:  dissolution_awaits
Orc:1:    serial_shops, shop_statue, uniq_josephine
Orc:2:    st_orc_pillars
Elf:1:    eino_elf_arrival_sip, trove_entry_hex_spiral, serial_shops, shop,
          hangedman_elven_crosses_minicolossus
Elf:2:    nrook_loot_triangle, grunt_ministairs_7
Elf:3:    minmay_elf_hall_spiked
Vaults:1: nicolae_vaults_quadrants, ontoclasm_vaults_eye, vaults_room_pools,
          hangedman_vaults_trim, ontoclasm_vaults_gateway,
          nicolae_vaults_three_branches, nicolae_vaults_little_squares_6,
          nicolae_vaults_little_ls
Vaults:2: v_misc_26, vaults_dpeg_spiral, hangedman_vaults_impose, v_misc_14,
          grunt_vaults_diagonal, nicolae_vaults_border_crossing,
          vaults_room_stairs_pillars, serial_shops, statue_bzr
Vaults:3: v_misc_28, ontoclasm_vaults_loading_screen, hangedman_vaults_capsules,
          nicolae_vaults_rhombus_7, nicolae_vaults_network_star, v_rooms_6,
          minmay_crypt_entry_simple_round, nicolae_vaults_asterisk,
          ontoclasm_vaults_shuriken, v_misc_12, ontoclasm_vaults_fault,
          nicolae_vaults_ring_of_whatevers, nicolae_vaults_shelves_hall,
          basic_altar
Vaults:4: v_rooms_1, vaults_mumra_hexcomb, nicolae_vaults_little_squares_1,
          st_more_cells, nicolae_vaults_theta, vaults_room_fancy_cross,
          v_misc_18, v_rooms_3, nicolae_vaults_network_square,
          ontoclasm_vaults_ring_large, vaults_dpeg_encased_lava, v_misc_24,
          hangedman_vaults_trim
Depths:1: hellmouth_1, kennysheep_small_spiral, minmay_liquid_box,
          grunt_decor_cap, corexii_leaking_fountain, serial_bayou_lagoon_a,
          dpeg_stationary_puzzle, minmay_shop_grove, uniq_bai_suzhen
Depths:2: minmay_three_patterns, serial_shops, bzr_entry_dummy, hell_entry,
          mu_enter_wizlab_7, pan_entry, minmay_strange_pillars,
          kennysheep_small_square, infiniplex_staircase_9_rooms
Depths:3: hangedman_screamer, enter_ziggurat_e, serial_bayou_shore_b,
          rand_demon_pan_entry_3, hell_entry,
          infiniplex_staircase_hallway_doors, uniq_boris, uniq_xtahua,
          uniq_frederick
Depths:4: grunt_profane_halls, hell_entry, abyss_entry, serial_shops,
          uniq_sojobo
Depths:5: grunt_zot_entry_tricorne, minmay_misc_feat_room, hell_entry,
          grunt_ministairs_1, uniq_enchantress
Dis:6:    hangedman_dis_decor_tower
Dis:7:    dis_hangedman
Geh:1:    grunt_megastairs_3
Geh:7:    geh_mu
Coc:7:    coc_hangedman
Tar:1:    grunt_tartarus_stairs_gauntlet_trap
Tar:2:    grunt_megastairs_5
Tar:3:    grunt_deathspiral_small, nicolae_tar_cuneiform_to_be
Tar:5:    nicolae_tar_cuneiform_heaven, nicolae_tar_cuneiform_bread
Tar:7:    tar_minmay_river
Abyss:1:  hangedman_abyss_river_spirits, hangedman_decor_peaks_small
Abyss:4:  nicolae_abyss_rune_star_stuff
Abyss:5:  grunt_abyss_rune_forest_and_sorcery, minivault_5
Pan:      evilmike_mini_pan_pillars_b, uniq_mennas_pan, grunt_pan_in_and_out,
          evilmike_mini_pan_doors_b, evilmike_mini_pan_corner, special_room,
          rand_demon_8, evilmike_mini_pan_diamond, pan_blood_fountain,
          nicolae_pan_lom_lobonic_2, evilmike_holy_pan, rand_demon_2,
          evilmike_mini_pan_branches, pan_blood_fountain_small, rand_demon_5
Bazaar:   bazaar_minmay_row
IceCv:    ice_cave_tombish
WizLab:   wizlab_golubria

Skill      XL: |  1  2  3  4  5  6  7  8  9 10 11 12 13 14 15 16 17 18 19 20 21 22 23 24 25 26 27 |
---------------+----------------------------------------------------------------------------------+-----
Unarmed Combat | 1 2 3 5 7 8 9 10 11 12 14 15 17 18 20 21 22 | 22.3
Stealth        | 3 5 8 9 12 15 | 15.1
Fighting       | 2 5 6 7 8 10 11 12 13 15 17 19 22 | 22.0
Invocations    | 2 3 4 6 7 10 | 10.0
Dodging        | 5 6 8 9 11 13 16 20 | 20.0
Evocations     | 4 10 | 10.9
Summonings     | 4 6 9 |  9.2
Air Magic      | 4 |  4.8
Shields        | 4 |  4.7
Spellcasting   | 3 4 6 9 12 15 17 19 | 19.8
Ice Magic      | 3 |  3.4
Hexes          | 3 10 | 10.5
Necromancy     | 2 5 |  5.7
Transmutations | 1 4 8 10 11 13 | 13.4
Translocations | 4 5 6 21 | 21.3
Charms         | 3 5 |  5.8
Earth Magic    | 10 | 10.5
Conjurations   | 6 |  6.9

Action                   |  1- 3 |  4- 6 |  7- 9 | 10-12 | 13-15 | 16-18 | 19-21 | 22-24 | 25-27 || total
-------------------------+-------+-------+-------+-------+-------+-------+-------+-------+-------++-------
Melee: Unarmed           |    55 |    90 |   420 |   568 |  1183 |   558 |  1057 |  1095 |  3527 ||  8553
       Constrict         |    14 |    16 |    99 |    83 |   141 |   112 |   157 |   143 |   472 ||  1237
       Tentacles         |     7 |     6 |    84 |   134 |   244 |   148 |   310 |   257 |   880 ||  2070
       Punch             |       |     4 |    32 |    58 |   141 |    67 |   202 |   200 |   692 ||  1396
       Dagger            |       |       |     6 |    48 |    83 |    74 |       |       |       ||   211
       Kick              |       |       |       |       |    73 |       |       |       |   333 ||   406
       Tailslap          |       |       |       |       |       |       |       |       |    66 ||    66
       Bite              |       |       |       |       |       |       |       |       |    52 ||    52
 Fire: Blowgun           |       |       |       |     1 |       |       |       |       |       ||     1
       Hand crossbow     |       |       |       |       |       |       |       |     8 |    21 ||    29
Throw: Javelin           |       |       |       |    14 |     9 |       |       |     3 |       ||    26
 Cast: Shock             |    19 |    47 |   116 |    53 |    81 |    12 |     4 |     2 |     1 ||   335
       Swiftness         |       |       |     2 |     1 |     4 |       |       |       |       ||     7
       Summon Lightning  |       |       |       |    33 |   131 |    27 |    42 |    15 |     1 ||   249
       Call Canine Famil |       |       |       |    12 |     1 |       |       |       |       ||    13
       Summon Small Mamm |       |       |       |     2 |       |       |       |       |       ||     2
       Summon Ice Beast  |       |       |       |     8 |    18 |     1 |     2 |       |       ||    29
       Animate Skeleton  |       |       |       |       |    69 |    15 |     8 |    48 |    17 ||   157
       Sticks to Snakes  |       |       |       |       |    19 |    44 |    14 |       |    12 ||    89
       Tukima's Dance    |       |       |       |       |    17 |       |       |       |       ||    17
       Beastly Appendage |       |       |       |       |    25 |       |       |       |       ||    25
       Confusing Touch   |       |       |       |       |     2 |       |       |       |       ||     2
       Apportation       |       |       |       |       |    56 |    13 |    15 |    49 |    37 ||   170
       Regeneration      |       |       |       |       |    64 |    24 |    31 |    34 |   149 ||   302
       Ice Form          |       |       |       |       |    23 |     2 |       |       |       ||    25
       Ozocubu's Armour  |       |       |       |       |    16 |     1 |       |       |       ||    17
       Statue Form       |       |       |       |       |       |    52 |    88 |    54 |   161 ||   355
       Passwall          |       |       |       |       |       |     3 |     8 |    10 |    35 ||    56
       Lesser Beckoning  |       |       |       |       |       |       |     8 |    22 |    42 ||    72
       Passage of Golubr |       |       |       |       |       |       |     5 |       |       ||     5
       Blink             |       |       |       |       |       |       |     1 |       |       ||     1
       Irradiate         |       |       |       |       |       |       |       |     2 |    43 ||    45
       Dragon Form       |       |       |       |       |       |       |       |       |    18 ||    18
       Aura of Abjuratio |       |       |       |       |       |       |       |       |     5 ||     5
       Controlled Blink  |       |       |       |       |       |       |       |       |     5 ||     5
Invok: Heroism           |       |     1 |    26 |    81 |   103 |    28 |    46 |    38 |   100 ||   423
       Finesse           |       |       |       |     1 |    12 |    11 |     7 |    12 |    21 ||    64
 Abil: End Transformatio |       |       |       |       |     5 |       |       |       |       ||     5
       Evoke Flight      |       |       |       |       |       |       |       |     2 |    21 ||    23
Evoke: Wand              |       |       |       |     3 |    16 |     7 |     2 |     1 |     4 ||    33
  Use: Scroll            |     4 |     3 |     9 |    26 |    23 |    11 |     5 |     8 |    39 ||   128
       Potion            |       |     2 |     3 |    10 |    12 |     8 |     3 |       |    14 ||    52
 Stab: Sleeping          |     8 |    10 |    20 |    44 |    25 |    12 |    31 |    13 |    38 ||   201
       Distracted        |       |       |     3 |     7 |    34 |    13 |    30 |    21 |    11 ||   119
       Paralysed         |       |       |       |     4 |     8 |       |       |       |       ||    12
       Confused          |       |       |       |       |     1 |       |       |       |       ||     1
  Eat: Chunk             |     3 |     5 |    26 |    29 |    41 |    17 |    22 |    11 |    27 ||   181
       Fruit             |       |       |     1 |     1 |       |       |    13 |     9 |     5 ||    29
       Royal jelly       |       |       |       |     3 |     3 |     2 |     4 |     5 |     4 ||    21
       Bread ration      |       |       |       |     2 |     1 |     1 |       |     1 |    14 ||    19
       Meat ration       |       |       |       |       |     3 |     2 |     4 |       |     2 ||    11
Armor: Skin              |     3 |    20 |    13 |    35 |   122 |   337 |   180 |   178 |   545 ||  1433
Dodge: Dodged            |    25 |    33 |   276 |   320 |   601 |   929 |   856 |  1020 |  4049 ||  8109
Block: Buckler           |       |       |       |    77 |   459 |   693 |   739 |   728 |  2730 ||  5426
       Reflection        |       |       |       |       |    14 |       |    62 |    21 |   109 ||   206
       Other             |       |       |       |       |    37 |       |       |       |    93 ||   130
